 Dungeon Crawl Stone Soup version 0.18-a0-1799-g6250cb2 (webtiles) character file.

3037 aurelian the Slasher (level 9, 0/62 HPs)
             Began as a Demigod Venom Mage on Apr 22, 2016.
             Succumbed to edsrzf's ghost's poison
             ... on level 8 of the Dungeon on Apr 23, 2016.
             The game lasted 00:38:02 (9913 turns).

aurelian the Slasher (Demigod Venom Mage)           Turns: 9913, Time: 00:38:02

Health: 0/62       AC:  8    Str: 15    XL:     9   Next: 31%
Magic:  16/18      EV: 16    Int: 21    God:
Gold:   290        SH:  0    Dex: 18    Spells: 3 memorised, 10 levels left

rFire  . . .     SeeInvis .     a - +2 falchion (elec)
rCold  + + .     Gourm    .     v - +2 robe {rC+}
rNeg   . . .     Faith    .     (no shield)
rPois  +         Spirit   .     (no helmet)
rElec  .         Dismiss  .     P - +0 cloak (curse)
rCorr  .         Reflect  .     (no gloves)
SustAt +         Harm     .     D - +2 pair of boots
MR     .....                    N - amulet of rage
Stlth  +.........               O - ring of poison resistance
                                I - ring of protection from cold

@: lethally poisoned (0 -> -1), liquid flames, glowing, not resistant to hostile
enchantments, very unstealthy
A: high mp 1, strong 1, sustain attributes
a: Evoke Berserk Rage


You were on level 8 of the Dungeon.
You were not hungry.

You visited 1 branch of the dungeon, and saw 8 of its levels.

You collected 398 gold pieces.
You spent 108 gold pieces at shops.

Inventory:

Hand Weapons
 a - a +2 falchion of electrocution (weapon)
 b - a +0 hunting sling
 f - a +0 dagger
 h - a -2 club
 q - a +0 whip
 r - a +0 mace
 E - a +0 long sword
Missiles
 i - 244 stones (quivered)
 y - 24 poisoned needles
 F - 107 sling bullets
Armour
 m - a +0 leather armour
 s - a +0 ring mail
 v - a +2 robe of cold resistance (worn)
 D - a +2 pair of boots (worn)
 K - a +0 robe
 P - a cursed +0 cloak (worn)
Magical Staves
 J - an uncursed staff of fire
Jewellery
 I - a ring of protection from cold (left hand)
 N - an amulet of rage (around neck)
 O - a ring of poison resistance (right hand)
Wands
 k - a wand of iceblast (14/15)
Scrolls
 e - a scroll of enchant armour
 p - a scroll of fog
 u - 5 scrolls of remove curse
 z - 2 scrolls of enchant weapon
 L - a scroll of noise
Potions
 l - 2 potions of cancellation
 n - a potion of magic
 t - 3 potions of lignification
 w - a potion of curing
 B - 3 potions of brilliance
 C - a potion of heal wounds
 Q - 2 potions of might {unknown}
Books
 A - a Young Poisoner's Handbook

   Spells                             Type                      Level
   a - Sting                          Conjuration/Poison           1
   b - Cure Poison                    Poison                       2
   c - Mephitic Cloud                 Conjuration/Poison/Air       3
   d - Olgreb's Toxic Radiance        Poison                       4
   e - Venom Bolt                     Conjuration/Poison           5
Comestibles
 c - 2 bread rations
 d - 6 fruits
 g - 2 royal jellies
 o - 3 meat rations
 x - a slice of pizza
 G - a beef jerky
 H - 4 chunks of flesh


   Skills:
 + Level 7.8 Long Blades
 + Level 5.3 Dodging
 - Level 4.3 Stealth
 - Level 4.0 Spellcasting
 - Level 5.0 Conjurations
 - Level 1.3 Air Magic
 - Level 4.0 Poison Magic


You had 10 spell levels left.
You knew the following spells:

 Your Spells              Type           Power        Failure   Level  Hunger
a - Sting                 Conj/Pois      ###.         1%          1    None
b - Mephitic Cloud        Conj/Pois/Air  ###.....     12%         3    ###....
c - Cure Poison           Pois           ###.......   3%          2    #......


Dungeon Overview and Level Annotations

Branches:
Dungeon (8/15)             Temple (0/1) D:4
   Lair: D:8-11

Shops:
D:4 *

Annotations:
D:8 edsrzf's ghost, journeyman SpFE


Innate Abilities, Weirdness & Mutations

You have an increased reservoir of magic (+10% MP).
Your attributes are resistant to harm.
Your muscles are strong. (Str +2)


Message History

You are no longer poisoned.
You are covered in liquid flames!
* * * LOW HITPOINT WARNING * * *
Edsrzf's ghost hits you.
* * * LOW HITPOINT WARNING * * *
You are poisoned.
Drink which item? (? for menu, Esc to quit)
You feel much better.
You are covered in liquid flames!
You feel sick. Edsrzf's ghost casts a spell at you. The flame tongue hits you!
* * * LOW HITPOINT WARNING * * *
You are covered in liquid flames!
* * * LOW HITPOINT WARNING * * *
Your surroundings suddenly seem different.
A giant frog comes into view.
You are covered in liquid flames!
* * * LOW HITPOINT WARNING * * *
You die...

#########
.........
#..).....
####
#..#####.
..#
###..#####.
#.# ....
#.... #.##
#.###.###
#@.#
#<....#
##.#
#.#####
#..# #.#
##.# #.# .#
#.# .# #.#
.# #.# ..
#.# #F


There were no monsters in sight!

Vanquished Creatures
  Prince Ribbit (D:6)
  Sigmund (D:6)
  A hippogriff (D:7)
  Menkaure (D:6)
  A water moccasin (D:5)
  A phantom (D:4)
  2 sky beasts
  A black bear (D:7)
  3 orc warriors
  3 ogres
  A big kobold (D:7)
  2 giant frogs
  2 scorpions
  A killer bee (D:7)
  2 howler monkeys
  2 crimson imps (D:5)
  3 orc priests
  3 hounds
  A jelly (D:6)
  A gnoll shaman (D:6)
  2 iguanas
  6 orc wizards
  6 worker ants
  A hound skeleton (D:7)
  15 gnolls
  A howler monkey skeleton (D:5)
  10 adders
  A shadow imp (D:5)
  2 oozes
  4 worms
  3 dart slugs
  4 giant geckos
  37 orcs
  13 bats
  7 giant cockroaches
  6 hobgoblins
  8 jackals
  21 kobolds
  3 quokkas
  A ball python (D:1)
  A giant gecko skeleton (D:6)
  5 giant newts
  5 goblins
  2 rats (D:2)
197 creatures vanquished.

Vanquished Creatures (others)
  A bush (D:6)
  10 plants (D:6)
11 creatures vanquished.

Grand Total: 208 creatures vanquished

Notes
Turn   | Place    | Note
--------------------------------------------------------------
     0 | D:1      | aurelian the Demigod Venom Mage began the quest for the Orb.
     0 | D:1      | Reached XP level 1. HP: 14/14 MP: 5/5
   289 | D:1      | Reached skill level 1 in Conjurations
   413 | D:1      | Reached XP level 2. HP: 20/20 MP: 4/7
  1587 | D:2      | Reached XP level 3. HP: 26/26 MP: 6/8
  2051 | D:3      | Learned a level 3 spell: Mephitic Cloud
  2606 | D:3      | Reached XP level 4. HP: 32/33 MP: 5/9
  3401 | D:3      | Reached XP level 5. HP: 38/38 MP: 7/11
  3408 | D:3      | Learned a level 2 spell: Cure Poison
  4170 | D:3      | Found a faded altar to an unknown god.
  4237 | D:4      | Found a sacrificial altar of Ru.
  4487 | D:4      | Noticed a phantom
  4543 | D:4      | Killed a phantom
  4543 | D:4      | Reached XP level 6. HP: 24/45 MP: 14/14
  5016 | D:4      | Found a staircase to the Ecumenical Temple.
  5322 | D:4      | Found Wuserghyzyz's General Store.
  5328 | D:4      | Found an opulent altar of Gozag.
  5330 | D:4      | Found a sparkling altar of Nemelex Xobeh.
  5339 | D:4      | Bought a scroll of noise for 12 gold pieces
  5339 | D:4      | Bought a potion of heal wounds for 60 gold pieces
  5339 | D:4      | Bought a potion of curing for 36 gold pieces
  5456 | D:4      | Reached skill level 5 in Conjurations
  5555 | D:5      | Entered Level 5 of the Dungeon
  5572 | D:5      | Reached XP level 7. HP: 50/50 MP: 16/16
  5665 | D:5      | Reached skill level 1 in Air Magic
  5667 | D:5      | Reached skill level 1 in Long Blades
  5832 | D:5      | Reached skill level 2 in Long Blades
  6208 | D:5      | Reached skill level 3 in Long Blades
  6242 | D:5      | Gained mutation: Your muscles are strong. (Str +2) [mutagenic meat]
  6277 | D:5      | Found a bloodstained altar of Trog.
  6707 | D:6      | Noticed Menkaure
  6731 | D:6      | Reached skill level 4 in Long Blades
  6731 | D:6      | Reached XP level 8. HP: 57/57 MP: 6/17
  7007 | D:6      | Noticed Sigmund
  7120 | D:6      | Killed Sigmund
  7120 | D:6      | Reached skill level 5 in Long Blades
  7125 | D:6      | Reached skill level 6 in Long Blades
  7422 | D:6      | Found a blossoming altar of Fedhas.
  7648 | D:6      | Noticed Prince Ribbit
  7661 | D:6      | Killed Prince Ribbit
  8139 | D:6      | Killed Menkaure
  8552 | D:7      | Reached skill level 7 in Long Blades
  8552 | D:7      | Reached XP level 9. HP: 36/62 MP: 3/18
  8960 | D:7      | Found a shattered altar of Ashenzari.
  9490 | D:7      | Found a deep blue altar of Sif Muna.
  9632 | D:7      | Reached skill level 5 in Dodging
  9885 | D:8      | Noticed edsrzf's ghost (journeyman SpFE)
  9913 | D:8      | HP: 1/62 [burnt (9)]
  9913 | D:8      | Succumbed to edsrzf's ghost's poison

Vault maps used:
D:1:      dpeg_arrival_pits
D:2:      first_bread, grunt_ministairs_15, kennysheep_generic_room_14
D:3:      ecumenical_altar_1, dk_noncrumbling_3
D:4:      grunt_temple_overflow_opulence, lemuel_crystal_altar,
          minmay_temple_entry_fiery, serial_shops, nicolae_shop_statue_plus
D:5:      trog_book
D:6:      fedhas_altar_decomposition, columned_hall_lemuel, uniq_sigmund,
          uniq_menkaure, uniq_prince_ribbit1
D:7:      lemuel_blue_sif_altar, nicolae_ashenzari_panopticon
D:8:      nicolae_overflow_hidden_temple, basic_altar, enter_bailey_3

Skill      XL: |  1  2  3  4  5  6  7  8  9 |
---------------+----------------------------+-----
Conjurations   | 1 3 4 5 |  5.0
Poison Magic   | 4 |  4.0
Dodging        | 2 4 5 |  5.3
Stealth        | 2 4 |  4.3
Spellcasting   | 2 3 4 |  4.0
Air Magic      | 1 |  1.3
Long Blades    | 4 7 |  7.8

Action                   |  1- 3 |  4- 6 |  7- 9 || total
-------------------------+-------+-------+-------++-------
Melee: Club              |     1 |       |       ||     1
       Mace              |    16 |    32 |       ||    48
       Falchion          |       |    26 |   149 ||   175
 Fire: Hunting sling     |       |    21 |     5 ||    26
 Cast: Sting             |    82 |   139 |   213 ||   434
       Mephitic Cloud    |     1 |     2 |    30 ||    33
       Cure Poison       |       |       |     1 ||     1
Evoke: Wand              |       |       |     1 ||     1
  Use: Scroll            |     4 |     7 |     4 ||    15
       Potion            |       |     3 |     7 ||    10
 Stab: Sleeping          |     1 |       |     1 ||     2
       Confused          |       |       |     8 ||     8
       Distracted        |       |       |     1 ||     1
  Eat: Chunk             |     6 |    10 |    17 ||    33
       Beef jerky        |       |       |     1 ||     1
Armor: Robe              |     8 |    14 |    49 ||    71
       Skin              |       |     7 |       ||     7
Dodge: Dodged            |    11 |    48 |    85 ||   144
